 Dungeon Crawl Stone Soup version 0.29.0-11-gd7f09526c8 (webtiles) character file.

Game seed: 14873000040917842830

5188 DoubleLucky the Grappler (level 10, -11/138 (153) HPs)
             Began as a Troll Fighter on Sept 3, 2022.
             Was a Believer of Qazlal.
             Killed from afar by Erica (37 damage)
             ... with a bolt of poison
             ... on level 8 of the Dungeon.
             The game lasted 00:55:52 (6909 turns).

DoubleLucky the Grappler (Troll Fighter)            Turns: 6909, Time: 00:55:53

HP:   -11/138 (153) AC:  5    Str: 34    XL:     10   Next: 34%
MP:   9/9           EV:  8    Int:  6    God:    Qazlal [**....]
Gold: 576           SH: 11    Dex:  9    Spells: 9/9 levels left

rFire   . . .      SeeInvis .     - Unarmed
rCold   . . .      Faith    .   b - +0 kite shield
rNeg    . . .      Spirit   .   a - +0 robe
rPois   .          Reflect  .   (helmet restricted)
rElec   .          Harm     .   t - +0 cloak
rCorr   .          Rampage  .   (gloves unavailable)
Will    .....                   (boots unavailable)
Stlth   ..........              (no amulet)
HPRegen 1.13/turn               w - +6 ring of strength
MPRegen 0.11/turn               (no ring)

@: berserking, lethally poisoned (-11 -> -18), hasted, studying Throwing,
drained, very quick
A: large, unfitting armour, claws 3, regeneration 1, shaggy fur 1, tough skin 1
a: Renounce Religion, Upheaval


You were on level 8 of the Dungeon.
You worshipped Qazlal.
Qazlal was pleased with you.
You visited 2 branches of the dungeon, and saw 9 of its levels.
You also visited: Sewer.

You collected 1148 gold pieces.
You spent 572 gold pieces at shops.

Inventory:

Hand Weapons
 h - a +2 vorpal mace
Missiles
 d - 97 stones (quivered)
 f - 2 javelins
Armour
 a - a +0 robe (worn)
 b - a +0 kite shield (worn)
 t - a +0 cloak (worn)
Jewellery
 q - a ring of flight
 u - a ring of magical power
 w - a +6 ring of strength (left claw)
 A - a +6 ring of intelligence
 D - a ring of resist corrosion
Wands
 g - a wand of roots (23)
 p - a wand of paralysis (12)
 E - a wand of mindburst (7)
Scrolls
 e - 3 scrolls of magic mapping
 i - a scroll of silence
 m - 2 scrolls of fear
 s - a scroll of enchant armour
 v - 2 scrolls of enchant weapon
 y - a scroll of teleportation {unknown}
 F - a scroll of identify
Potions
 c - 5 potions of heal wounds
 j - a potion of berserk rage
 l - 4 potions of might
 n - a potion of flight
 o - 8 potions of curing
 r - 2 potions of resistance
 x - a potion of ambrosia {unknown}
 z - a potion of brilliance {unknown}
 B - a potion of lignification {unknown}
 C - a potion of mutation {unknown}


   Skills:
 + Level 7.1 Fighting
 - Level 2.4 Dodging
 + Level 6.6 Shields
 + Level 13.7 Unarmed Combat


You had 9 spell levels left.
You didn't know any spells.
Your spell library contained the following spells:

 Spells                   Type           Power      Damage    Failure   Level
 Slow                     Hex            0%         N/A       71%         1
 Ensorcelled Hibernation  Hex/Ice        0%         N/A       85%         2
 Passwall                 Tmut/Erth      0%         N/A       85%         2
 Static Discharge         Conj/Air       0%         3-3/arc   85%         2
 Confusing Touch          Hex            0%         N/A       97%         3
 Portal Projectile        Hex/Tloc       0%         N/A       97%         3
 Swiftness                Air            0%         N/A       97%         3
 Tukima's Dance           Hex            0%         N/A       97%         3
 Vampiric Draining        Necr           0%         2d6       97%         3
 Corpse Rot               Necr/Pois/Air  0%         N/A       100%        4
 Dispel Undead            Necr           0%         3d6       100%        4
 Sticky Flame             Conj/Fire      0%         2d3       100%        4
 Blade Hands              Tmut           0%         N/A       100%        5
 Death Channel            Necr           0%         N/A       100%        6


Dungeon Overview and Level Annotations

Branches:
Dungeon (8/15)             Temple (1/1) D:5            Lair (0/5) D:8
  Sewer (visited)

Altars:
Ashenzari
Cheibriados
Dithmenos
Elyvilon
Fedhas
Gozag
Hepliaklqana
Makhleb
Nemelex Xobeh
Okawaru
Qazlal
Ru
Sif Muna
Trog
Uskayaw
Vehumet
Wu Jian
Xom
Yredelemnul
Zin
The Shining One

Shops:
D:1 [   D:5 !   D:7 [

Annotations:
D:3 exclusion: downstairs
D:8 Erica


Innate Abilities, Weirdness & Mutations

You are too large for most types of armour.
You have claws for hands.
Your natural rate of healing is unusually fast.
You are covered in fur. (AC +1)
You have tough skin. (AC +1)


Message History

Things that are here:
a +4 dagger of chaos; a +0 robe You now have 576 gold pieces (gained 17).
You see here a +0 trident.
You hear a shout!
Erica the Fiery-Tempered comes into view.
She is wielding a +3 scimitar of flaming and wearing a +2 robe of positive energy.
Press: ? - help, v - describe, . - travel
Here: Erica, wielding a +3 scimitar of flaming and wearing a +2 robe of positive energy The floor.
Unknown command.
Unknown command.
Erica casts a spell.
Erica flickers and vanishes!
Deactivating autopickup; reactivate with Ctrl-A.
Okay, then.
Unknown command.
Found a leather armour.
Something hits you. Something burns you.
You completely miss something. You scratch something but do no damage.
Something hits you! Something burns you.
You closely miss something. Something hits you! Something burns you.
You feel yourself speed up. Something hits you! Something burns you.
You claw something!
You hear some strange, mumbled words.
Something tries to affect you, but you resist.
You barely miss something. You completely miss something. Something hits you!
Something burns you!
* * * LOW HITPOINT WARNING * * *
A red film seems to cover your vision as you go berserk!
You feel yourself moving faster!
You feel mighty! Something hits you!
* * * LOW HITPOINT WARNING * * *
Something burns you.
* * * LOW HITPOINT WARNING * * *
You mangle something!! You closely miss something.
You hear some strange, mumbled words.
A bolt of poison appears from out of thin air!
The bolt of poison hits you!!!
You are poisoned.
You die...

#########
#.{...[.. #@#
#.#
######.#######
#.............
#.####.#######
...
#.##.)........
#.#
#.##.#.#######
#.# #....#.#
#.# #.####.#
#.#


There were no monsters in sight!

Vanquished Creatures
  Pikel (D:4)
  A cyclops (D:7)
  Psyche (D:8)
  Prince Ribbit (D:5)
  A wyvern (D:8)
  Menkaure (D:5)
  A water moccasin (Sewer)
  A sky beast (D:7)
  2 orc warriors (D:7)
  An ice beast (D:6)
  An ogre (D:4)
  3 lemures (D:5)
  A phantom (D:4)
  A kobold brigand (D:6)
  A bullfrog (D:6)
  A gnoll sergeant (D:8)
  6 scorpions
  10 wights (D:8)
  5 hounds
  2 jellies
  2 gnoll boudas
  3 orc wizards
  8 adders
  11 gnolls
  2 river rats (D:6)
  A shadow imp (D:5)
  2 white imps
  3 ufetubi
  6 dart slugs
  48 orcs
  13 ball pythons
  7 endoplasms
  5 giant cockroaches
  5 goblins
  6 hobgoblins
  7 jackals
  9 kobolds
  6 quokkas
  2 bats
  3 frilled lizards (D:1)
  27 rats
218 creatures vanquished.

Notes
Turn   | Place    | Note
-------+----------+-------------------------------------------
     0 | D:1      | DoubleLucky the Troll Fighter began the quest for the Orb.
     0 | D:1      | Reached XP level 1. HP: 22/22 MP: 0/0
   139 | D:1      | Reached XP level 2. HP: 29/29 MP: 1/1
   185 | D:1      | Reached skill level 3 in Unarmed Combat
   556 | D:1      | Found Veppulie's Antique Armour Shoppe.
   778 | D:1      | Reached XP level 3. HP: 36/36 MP: 2/2
  1157 | D:2      | Reached skill level 4 in Unarmed Combat
  1515 | D:2      | Reached XP level 4. HP: 44/44 MP: 3/3
  1865 | D:3      | Found a faded altar of an unknown god.
  2351 | D:3      | Identified a scroll of acquirement
  2357 | D:3      | Acquired 733 gold pieces
  2373 | D:3      | Reached skill level 5 in Unarmed Combat
  2463 | D:4      | Noticed an ogre
  2572 | D:4      | Found a glowing golden altar of the Shining One.
  2572 | D:4      | Found a white marble altar of Elyvilon.
  2572 | D:4      | Found a glowing silver altar of Zin.
  2808 | D:4      | Reached XP level 5. HP: 49/50 MP: 4/4
  3054 | D:4      | Noticed a phantom
  3065 | D:4      | Killed a phantom
  3066 | D:4      | Reached skill level 6 in Unarmed Combat
  3132 | D:4      | Killed an ogre
  3133 | D:4      | Reached XP level 6. HP: 61/61 MP: 5/5
  3513 | D:5      | Entered Level 5 of the Dungeon
  3513 | D:5      | Noticed Pikel
  3726 | D:5      | Reached XP level 7. HP: 71/71 MP: 6/6
  3788 | D:4      | Killed Pikel
  3789 | D:4      | Reached skill level 5 in Fighting
  3846 | D:5      | Noticed Menkaure
  3860 | D:5      | Reached XP level 8. HP: 55/84 MP: 7/7
  3868 | D:5      | Killed Menkaure
  3997 | D:5      | Reached skill level 13 in Unarmed Combat
  3997 | D:5      | Reached XP level 9. HP: 92/92 MP: 8/8
  4040 | D:5      | Found Lylyed's Distillery.
  4051 | D:5      | Bought a potion of heal wounds for 65 gold pieces
  4051 | D:5      | Bought a potion of heal wounds for 65 gold pieces
  4051 | D:5      | Bought a potion of attraction for 39 gold pieces
  4051 | D:5      | Bought a potion of resistance for 130 gold pieces
  4051 | D:5      | Bought a potion of curing for 39 gold pieces
  4051 | D:5      | Bought a potion of might for 52 gold pieces
  4051 | D:5      | Bought a potion of flight for 39 gold pieces
  4051 | D:5      | Bought 2 potions of might for 104 gold pieces
  4051 | D:5      | Bought a potion of curing for 39 gold pieces
  4062 | D:5      | Found a staircase to the Ecumenical Temple.
  4083 | Temple   | Entered the Ecumenical Temple
  4277 | Temple   | Became a worshipper of Qazlal Stormbringer
  4302 | D:5      | Noticed Prince Ribbit
  4321 | D:5      | Killed Prince Ribbit
  4553 | D:6      | Reached skill level 5 in Shields
  4730 | D:6      | Found a glowing drain.
  4738 | Sewer    | Entered a sewer
  4749 | Sewer    | Reached * piety under Qazlal
  5180 | D:7      | Noticed a cyclops
  5536 | D:7      | Found a snail-covered altar of Cheibriados.
  5553 | D:7      | Found Cheibriados's Comfort Zone.
  5623 | D:7      | Killed a cyclops
  5624 | D:7      | Reached XP level 10. HP: 73/100 MP: 9/9
  6249 | D:8      | Reached ** piety under Qazlal
  6693 | D:8      | Found a staircase to the Lair.
  6796 | D:8      | Noticed Psyche
  6843 | D:8      | Killed Psyche
  6897 | D:8      | Noticed Erica
  6909 | D:8      | Killed from afar by Erica

Illustrated notes

Levels and vault maps discovered:
D:1:      erik_arrival_orb_chamber, layout_basic, serial_shops,
          nicolae_diamond_shop, minmay_pentomino_z2
D:2:      layout_basic
D:3:      layout_basic, ebering_ecumenical_altar_abandoned
D:4:      layout_loops_ring, good_gods_mini_temple, minmay_rat_hole
D:5:      layout_cave_pools, minmay_temple_entry_mini_moons, serial_shops,
          nicolae_shop_stone, uniq_menkaure, uniq_prince_ribbit1, uniq_pikel
D:6:      layout_cave_pools, portal_sewer_entry_e
D:7:      layout_loops_ring, eino_small_chamber_without_monster,
          minmay_shop_chei, hangedman_decor_clover_reticule,
          roderic_serpentine_path, minmay_manual_mess
D:8:      layout_loops_ring, kennysheep_vampire_church, lair_entry_dummy,
          uniq_psyche, uniq_erica
Temple:   nicolae_temple_bog_church

Skill      XL: |  1  2  3  4  5  6  7  8  9 10 |
---------------+-------------------------------+-----
Unarmed Combat | 3 4 5 6 13 | 13.7
Fighting       | 3 4 6 7 |  7.1
Shields        | 3 4 6 |  6.6
Dodging        | |  2.4

Action                   |  1- 3 |  4- 6 |  7- 9 | 10-12 || total
-------------------------+-------+-------+-------+-------++-------
Melee: Unarmed           |    95 |   211 |   154 |    86 ||   546
       Punch             |     1 |     3 |       |       ||     4
  Use: Scroll            |       |     9 |     6 |       ||    15
       Potion            |       |       |     5 |     2 ||     7
Armor: Robe              |    22 |    45 |    29 |     8 ||   104
Dodge: Dodged            |    42 |    93 |    30 |    12 ||   177
Block: Kite shield       |       |       |    40 |    52 ||    92
